 Dungeon Crawl Stone Soup version 0.28-a0-895-g6e5f11bd55 (webtiles) character file.

Game seed: 3090439320489794179

31 orbtoucher the Bolt Thrower (level 3, 20/20 HPs)
             Began as a Kobold Arcane Marksman on Nov 22, 2021.
             Quit the game on level 1 of the Dungeon.
             The game lasted 00:03:30 (1172 turns).

orbtoucher the Bolt Thrower (KoAM)                  Turns: 1172, Time: 00:03:30

Health: 20/20      AC:  5    Str:  7    XL:     3   Next: 40%
Magic:  4/4        EV: 12    Int: 15    God:
Gold:   39         SH:  0    Dex: 15    Spells: 3/4 levels left

rFire   . . .      SeeInvis .   a - +0 hand crossbow
rCold   . . .      Faith    .   (shield restricted)
rNeg    . . .      Spirit   .   h - +0 ring mail
rPois   .          Reflect  .   (no helmet)
rElec   .          Harm     .   (no cloak)
rCorr   .          Rampage  .   (no gloves)
Will    .....                   (no boots)
Stlth   ++........              (no amulet)
HPRegen 0.06/turn               (no ring)
MPRegen 0.09/turn               (no ring)

@: no status effects
A: small, no large weapons, nightstalker 3
a: no special abilities


You were on level 1 of the Dungeon.
You visited 1 branch of the dungeon, and saw 1 of its levels.

You collected 39 gold pieces.

Inventory:

Hand Weapons
 a - a +0 hand crossbow (weapon)
 b - a +0 dagger
Missiles
 c - 14 bolts (quivered ammo)
 f - 17 poisoned darts
Armour
 d - a +0 robe
 h - a +0 ring mail (worn)
Scrolls
 g - a scroll of identify {unknown}
Potions
 e - a potion of degeneration {unknown}


   Skills:
 + Level 1.4 Fighting
 * Level 1.6 Short Blades
 * Level 3.1 Crossbows
 + Level 2.8 Dodging
 + Level 1.4 Stealth
 - Level 1.1 Spellcasting
 - Level 3.0 Hexes


You had 3 spell levels left.
You knew the following spells:

 Your Spells              Type           Power      Damage    Failure   Level
a - Slow                  Hex            36%        N/A       26%         1

Your spell library contained the following spells:

 Spells                   Type           Power      Damage    Failure   Level
 Inner Flame              Hex/Fire       5%         N/A       80%         3
 Portal Projectile        Hex/Tloc       10%        N/A       80%         3
 Cause Fear               Hex            4%         N/A       94%         4


Dungeon Overview and Level Annotations

Branches:
Dungeon (1/15)

Altars:


Innate Abilities, Weirdness & Mutations

You are small and have problems with some larger weapons.
You are completely attuned to the shadows.


Message History

The kobold misses you.
a - a +0 hand crossbow (weapon)
The kobold hits you with a +0 club.
You are too injured to fight recklessly!
You are too injured to fight recklessly!
You are too injured to fight recklessly!
You are too injured to fight recklessly!
Fire: 11 bolts
Press: ? - help, Q - select action, (/) - cycle Shift-Dir - straight line, f/p - kobold
Aim: a kobold, wielding a +0 club and wearing a +0 ring mail (moderately wounded, 60% to hit)
You shoot a bolt. The bolt hits the kobold.
You kill the kobold!
You start resting.
HP restored.
You now have 39 gold pieces (gained 18).
c - 13 bolts (gained 3)
Things that are here:
a +0 club; a +0 ring mail
h - a +0 ring mail
Okay, then.
You start removing your armour.
You continue taking off your +0 robe. x4
You finish taking off your +0 robe.
You start putting on your armour.
You continue putting on your +0 ring mail. x5
You finish putting on your +0 ring mail.
c - 14 bolts (gained 1)
You see here a +0 club.
A kobold comes into view. It is wielding a +0 dagger.
You shoot a bolt.
The bolt hits the kobold but does no damage.
The kobold shouts!
You shoot a bolt. The bolt hits the kobold.
You kill the kobold!
c - 13 bolts (gained 1)
Things that are here:
a +0 dagger; 4 stones; a kobold corpse
c - 14 bolts (gained 1)
Things that are here:
a +0 dagger; 4 stones; a kobold corpse Are you sure you want to abandon this character and quit the game? (Confirm with "yes".)

#.# #.#................#
#.# #.#..........#######
#.# #.#..........#
#####.#######.#######.####
.....>..........).........
..........###.#######.####
..........# #.#######.#
..........# #......##.#
..........# #...@...#.#
..........# ##.....##.#
.....##...# #.....##.# ###
.....##...#
#.....##.#....####..
.....##...#
#.....##.#..........
.....##...#
#.....##.#..........
###########
#..)..##.#..........
#####.....##............
#......#####............


There were no monsters in sight!

Vanquished Creatures
  A gnoll (D:1)
  2 endoplasms (D:1)
  2 goblins (D:1)
  3 hobgoblins (D:1)
  4 jackals (D:1)
  3 kobolds (D:1)
  A ball python (D:1)
  2 rats (D:1)
18 creatures vanquished.

Notes
Turn   | Place    | Note
-------+----------+-------------------------------------------
     0 | D:1      | orbtoucher the Kobold Arcane Marksman began the quest for
                  | the Orb.
     0 | D:1      | Reached XP level 1. HP: 12/12 MP: 2/2
   136 | D:1      | Reached XP level 2. HP: 16/16 MP: 3/3
   383 | D:1      | Reached skill level 1 in Short Blades
   387 | D:1      | Reached skill level 1 in Stealth
   387 | D:1      | Reached XP level 3. HP: 11/20 MP: 4/4
   919 | D:1      | Found a faded altar of an unknown god.
  1172 | D:1      | Quit the game

Illustrated notes

Levels and vault maps discovered:
D:1:      wander_arrival_desolate, layout_basic,
          hellmonk_ecumenical_altar_pennies_from_heaven, minmay_rat_gold_closets

Skill      XL: |  1  2  3 |
---------------+----------+-----
Short Blades   | 1 |  1.6
Stealth        | 1 |  1.4
Crossbows      | 3 |  3.1
Fighting       | |  1.4
Dodging        | |  2.8
Spellcasting   | |  1.1
Hexes          | |  3.0

Action                   || total
-------------------------++-------
Melee: Dagger            ||    50
 Fire: Hand crossbow     ||    35
Armor: Robe              ||     6
Dodge: Dodged            ||    52

Table legend: (Time is in decaauts)
 A = Elapsed time spent in this place.
 B = Non-inter-level travel time spent in this place.
 C = Inter-level travel time spent in this place.
 D = Time resting spent in this place.
 E = Time spent auto-exploring this place.
 F = Levels seen in this place.
 G = Mean time per level.
                   A        B        C        D        E       F      G
               +--------+--------+--------+--------+--------+-----+--------+
         Total |   1179 |   1179 |      0 |    767 |    190 |   1 | 1179.0 |
       Dungeon |   1179 |   1179 |      0 |    767 |    190 |   1 | 1179.0 |
               +--------+--------+--------+--------+--------+-----+--------+

Top non-repeatable levels by time:
     D:1: 1179 daAuts
